 Dungeon Crawl Stone Soup version 0.28.0 (webtiles) character file.

Game seed: 6616421462989243682

102 Exaltedone87 the Slasher (level 4, 0/34 HPs)
             Began as a Demonspawn Gladiator on Feb 16, 2022.
             Slain by Crazy Yiuf (1 damage)
             ... on level 2 of the Dungeon.
             The game lasted 00:02:10 (2670 turns).

Exaltedone87 the Slasher (Demonspawn Gladiator)     Turns: 2670, Time: 00:02:11

Health: 0/34       AC:  4    Str: 14    XL:     4   Next: 50%
Magic:  4/4        EV: 13    Int:  9    God:
Gold:   39         SH:  0    Dex: 17    Spells: 3/3 levels left

rFire   . . .      SeeInvis .   a - +0 long sword
rCold   . . .      Faith    .   (no shield)
rNeg    . . .      Spirit   .   b - +0 leather armour
rPois   .          Reflect  .   c - +0 helmet
rElec   .          Harm     .   (no cloak)
rCorr   .          Rampage  .   (no gloves)
Will    .....                   (no boots)
Stlth   +.........              (no amulet)
HPRegen 0.11/turn               (no ring)
MPRegen 0.09/turn               (no ring)

@: confused, lethally poisoned (0 -> -8)
A: weakness stinger 2
a: no special abilities


You were on level 2 of the Dungeon.
You visited 1 branch of the dungeon, and saw 2 of its levels.

You collected 39 gold pieces.

Inventory:

Hand Weapons
 a - a +0 long sword (weapon)
Missiles
 d - 3 throwing nets (quivered)
Armour
 b - a +0 leather armour (worn)
 c - a +0 helmet (worn)
Scrolls
 i - 2 scrolls of enchant weapon {unknown}
Potions
 e - a potion of haste {unknown}
 f - a potion of magic
 g - a potion of curing
 h - a potion of brilliance {unknown}
 j - a potion of ambrosia {unknown}


   Skills:
 + Level 2.7 Fighting
 * Level 3.7 Long Blades
 - Level 1.7 Throwing
 + Level 1.5 Armour
 + Level 3.2 Dodging


You had 3 spell levels left.
You didn't know any spells.
Your spell library was empty.

Dungeon Overview and Level Annotations

Branches:
Dungeon (2/15)

Altars:

Annotations:
D:2 Crazy Yiuf


Innate Abilities, Weirdness & Mutations

You have a tail ending in a sharp stinger.


Message History

There is a stone staircase leading down here.
Found a mace.
Found a runed translucent door.
Unknown command.
There is a stone staircase leading down here.
You see here a bat skeleton.
You see here a +0 leather armour.
You see here a +0 dagger.
There is a stone staircase leading down here.
You see here 4 silver boomerangs.
Key pressed, stopping explore.
There is a stone staircase leading down here.
You see here a +0 leather armour.
You see here a bat skeleton.
There is a stone staircase leading down here.
Could not explore, unopened runed door.
You open the door.
Crazy Yiuf shouts!
You hit Crazy Yiuf. You tail-slap Crazy Yiuf.
Crazy Yiuf is moderately wounded.
Crazy Yiuf hits you with a +4 quarterstaff of chaos!
Crazy Yiuf freezes you.
You completely miss Crazy Yiuf. You tail-slap Crazy Yiuf.
Crazy Yiuf is moderately wounded.
Crazy Yiuf closely misses you.
You hit Crazy Yiuf.
Crazy Yiuf is heavily wounded.
Crazy Yiuf hits you with a +4 quarterstaff of chaos.
You are poisoned.
You slash Crazy Yiuf!
Crazy Yiuf is almost dead.
You feel very sick.
Crazy Yiuf hits you with a +4 quarterstaff of chaos!
* * * LOW HITPOINT WARNING * * *
You are confused.
You closely miss Crazy Yiuf.
Crazy Yiuf is almost dead.
* * * LOW HITPOINT WARNING * * *
You feel very sick.
Crazy Yiuf hits you with a +4 quarterstaff of chaos.
You die...

..............####.###.##.#.##...
...#..####.....[.................
.###..# ##.........##.###.......
####..## ############## ###÷....
..###..### #..... ..####...#
♣♣♣♣♣### #..... ...###...# ###
♣♣♣.♣....###..... ##.......#
#...#♣..♣......##..... #....#..#
#...g@♣♣♣♣P.....#..... #.#######
#)..#♣♣ ♣♣P....#..... #.# ###
♣♣##..>..... #[# #>....... ##.#
##.#..... .#.###### ########
#.###### ........#### #.#....#
#..### ##.####....# #.#...##
##...### ...# ####.###.....######
###....


You could see Crazy Yiuf.

Vanquished Creatures
  A gnoll (D:1)
  4 adders (D:2)
  An ufetubus (D:2)
  A dart slug (D:2)
  3 endoplasms
  A giant cockroach (D:1)
  2 hobgoblins (D:1)
  4 jackals (D:1)
  7 quokkas
  6 ball pythons
  5 bats
  4 frilled lizards
  7 kobolds
  6 rats (D:2)
52 creatures vanquished.

Notes
Turn   | Place    | Note
-------+----------+-------------------------------------------
     0 | D:1      | Exaltedone87 the Demonspawn Gladiator began the quest for
                  | the Orb.
     0 | D:1      | Reached XP level 1. HP: 16/16 MP: 1/1
   266 | D:1      | Discovered your monstrous ancestry.
   266 | D:1      | Gained mutation: You have a small tail. [demonic ancestry]
   266 | D:1      | Reached XP level 2. HP: 10/22 MP: 2/2
  1159 | D:1      | Found a faded altar of an unknown god.
  1172 | D:1      | Reached XP level 3. HP: 28/28 MP: 3/3
  1244 | D:1      | Reached skill level 1 in Armour
  2039 | D:2      | Gained mutation: You have a tail ending in a sharp stinger.
                  | [demonic ancestry]
  2039 | D:2      | Reached XP level 4. HP: 34/34 MP: 4/4
  2523 | D:2      | Found a runed translucent door.
  2524 | D:2      | Noticed Crazy Yiuf
  2670 | D:2      | HP: 1/34 [poisoned by Crazy Yiuf]
  2670 | D:2      | Slain by Crazy Yiuf

Illustrated notes

Levels and vault maps discovered:
D:1:      lemuel_arrival_muddy, layout_basic, chequers_ecumenical_altar_island
D:2:      layout_rooms, minmay_diced_spiral, uniq_crazy_yiuf_cottage

Skill      XL: |  1  2  3 |
---------------+----------+-----
Long Blades    | 3 |  3.7
Dodging        | 3 |  3.2
Armour         | 1 |  1.5
Fighting       | |  2.7
Throwing       | |  1.7

Action                   |  1- 3 |  4- 6 || total
-------------------------+-------+-------++-------
Melee: Long sword        |    91 |    30 ||   121
       Tailslap          |     8 |     3 ||    11
  Use: Scroll            |     3 |       ||     3
       Potion            |     1 |       ||     1
 Stab: Sleeping          |     1 |       ||     1
Armor: Leather armour    |    28 |    10 ||    38
Dodge: Dodged            |    62 |    39 ||   101
